 Dungeon Crawl Stone Soup version 0.31-a0-188-g5e087ee2ca (webtiles) character file.

Game seed: 10225751339669400577

480 qw the Skirmisher (level 6, -1/35 HPs)
             Began as a Deep Elf Hunter on June 23, 2023.
             Killed by nerve-wracking pain
             ... invoked by an orc priest
              (6 damage)
             ... on level 5 of the Dungeon.
             The game lasted 00:01:31 (3099 turns).

qw the Skirmisher (Deep Elf Hunter)                 Turns: 3099, Time: 00:01:31

Health: -1/35      AC: 10    Str:  5 (7)  XL:     6   Next: 86%
Magic:  8/8        EV: 15    Int: 13 (16) God:
Gold:   195        SH:  5    Dex: 28 (30) Spells: 5/5 levels left

rFire   + . .        a - +1 orcbow of the Lurker {speed, rPois Str-5 Int+2 Dex+9}
rCold   . . .        (shield currently unavailable)
rNeg    . . .        g - +0 ring mail
rPois   +            d - +1 helmet
rElec   .            n - +2 cloak "Leraroac" {rF+ Str+2 Dex+3}
rCorr   .            (no gloves)
SInv    .            (no boots)
Will    .....        k - amulet of reflection
Stlth   ++           c - +5 ring of evasion
HPRegen 0.25/turn    (no ring)
MPRegen 0.11/turn

%: reflection
@: no status effects
A: no striking features
a: no special abilities


You were on level 5 of the Dungeon.
You visited 1 branch of the dungeon, and saw 5 of its levels.

You collected 223 gold pieces.
You spent 28 gold pieces at shops.


   Skills:
 - Level 2.2 Fighting
 + Level 10.0 Ranged Weapons
 - Level 1.2 Armour
 - Level 3.0 Dodging
 - Level 1.2 Stealth


You had 5 spell levels left.
You didn't know any spells.
Your spell library was empty.

Inventory:

Hand Weapons
 a - the +1 orcbow of the Lurker (weapon) {speed, rPois Str-5 Int+2 Dex+9}
   (You acquired it on level 1 of the Dungeon)

   Str:       It affects your strength (-5).
   Int:       It affects your intelligence (+2).
   Dex:       It affects your dexterity (+9).
   rPois:     It protects you from poison.
Armour
 d - a +1 helmet (worn)
 g - a +0 ring mail (worn)
 n - the +2 cloak "Leraroac" (worn) {rF+ Str+2 Dex+3}
   (You acquired it on level 4 of the Dungeon)

   Str:       It affects your strength (+2).
   Dex:       It affects your dexterity (+3).
   rF:        It protects you from fire.
Jewellery
 c - a +5 ring of evasion (left hand)
 k - an amulet of reflection (around neck)
Scrolls
 b - a scroll of identify
Potions
 e - a potion of mutation {unknown}
 i - 2 potions of resistance
 j - a potion of curing
 l - a potion of brilliance {unknown}

Dungeon Overview and Level Annotations

Branches:
Dungeon (5/15)
 Temple: D:4-7

Altars:
Trog
Vehumet
Wu Jian

Shops:
D:2 *

Annotations:
D:5 Sigmund


Message History

The hound barks!
The orc shouts!
The arrow hits Sigmund!
Sigmund is almost dead.
The orc priest looks braver for a moment.
Sigmund casts a spell at you. The puff of flame misses you.
You shoot an arrow. The arrow barely misses Sigmund.
The orc priest calls down the wrath of Beogh upon you.
Beogh smites you!
An orc priest comes into view. It is wielding a +0 mace.
Sigmund gestures at you while chanting. The puff of flame misses you.
The orc priest mumbles some strange prayers to Beogh against you.
Pain shoots through your body!
You shoot an arrow. The orc priest shouts!
The arrow hits the adder!
You kill the adder!
Sigmund casts a spell at you. You resist with some effort.
You shoot an arrow. The arrow closely misses Sigmund.
The orc priest invokes the aid of Beogh against you.
Beogh smites you!
You shoot an arrow. The arrow hits the hound.
The hound is moderately wounded.
You shoot an arrow. The arrow hits the hound.
The hound is heavily wounded.
The hound misses you.
You shoot an arrow. The arrow misses the hound.
The arrow hits the orc priest!!
You kill the orc priest!
You block the hound's attack. x2
Your Armour skill increases to level 1!
You shoot an arrow. The arrow misses the hound.
The arrow hits the orc!
You kill the orc!
Sigmund misses you. The hound bites you but does no damage.
You shoot an arrow. The arrow hits the hound!
You kill the hound!
The orc priest calls down the wrath of Beogh upon you.
Pain shoots through your body!
You die...

#...>.# .#
#...... ..
#...?.#..
.....#.
o...% #.o@
#.%# #o@#
#..# #..#
#..##
#...#
#.#.#
#.#.##.#
#.#.##.###
#.#.##...
...#


You could see Sigmund, 2 orc priests and an orc.

Vanquished Creatures
  4 hounds
  An orc priest (D:5)
  Terence (D:3)
  An iguana (D:4)
  An orc wizard (D:3)
  Robin (D:3)
  10 adders
  5 gnolls
  A white imp (D:5)
  2 worms
  2 dart slugs
  10 orcs
  8 ball pythons
  11 endoplasms
  4 giant cockroaches
  16 goblins
  14 hobgoblins
  3 jackals (D:2)
  4 quokkas
  4 bats
  2 frilled lizards
  8 kobolds
  6 rats
119 creatures vanquished.

Notes
Turn   | Place    | Note
-------+----------+-------------------------------------------
     0 | D:1      | qw the Deep Elf Hunter began the quest for the Orb.
     0 | D:1      | Reached XP level 1. HP: 12/12 MP: 3/3
     0 | D:1      | 0 ||| qw: Version: 0.3-a-9-g12657ce
     0 | D:1      | 0 ||| qw: Game counter: 3654
     0 | D:1      | 0 ||| qw: Always use a shield: true
     0 | D:1      | 0 ||| qw: God list: Okawaru
     0 | D:1      | 0 ||| qw: Allow faded altars: false
     0 | D:1      | 0 ||| qw: Do Orc after D:15 true
     0 | D:1      | 0 ||| qw: Do second Lair branch before Depths: true
     0 | D:1      | 0 ||| qw: Lair rune preference: random
     0 | D:1      | 0 ||| qw: Plans: Normal
     0 | D:1      | 0 ||| PLANNING D:1-11
    38 | D:1      | Reached skill level 6 in Ranged Weapons
    38 | D:1      | Reached XP level 2. HP: 16/16 MP: 4/4
   154 | D:1      | 154 ||| FLEEEEING.
   233 | D:1      | Reached XP level 3. HP: 20/20 MP: 5/5
   415 | D:1      | Found a faded altar of an unknown god.
   631 | D:1      | 631 ||| UPGRADING to amulet of reflection.
   636 | D:1      | 636 ||| READING scroll labelled ROIMA GEFFAITY.
   636 | D:1      | Identified a scroll of acquirement
   636 | D:1      | 636 ||| ACQUIRING +1 orcbow of the Lurker {speed, rPois
                  | Str-5 Int+2 Dex+9}
   636 | D:1      | Acquired the +1 orcbow of the Lurker {speed, rPois Str-5
                  | Int+2 Dex+9}
   638 | D:1      | 638 ||| SWAPPING to +1 orcbow of the Lurker {speed, rPois
                  | Str-5 Int+2 Dex+9}.
   639 | D:1      | 639 ||| DROPPING +0 shortbow.
   640 | D:1      | 640 ||| READING scroll labelled KAOVIE AHIARGHO.
   641 | D:1      | 641 ||| READING scroll labelled BOKLIP JIHASHUIMP.
   642 | D:1      | 642 ||| READING scroll labelled PICHOC ALLUOMP.
   681 | D:1      | 681 ||| DRINKING 2 green potions.
   682 | D:1      | 682 ||| DROPPING scroll of butterflies.
   683 | D:1      | 683 ||| DROPPING potion of invisibility.
   688 | D:2      | Found Hegocwuo's General Store.
   691 | D:2      | 691 ||| BUYING scroll of identify (28 gold).
   691 | D:2      | Bought a scroll of identify for 28 gold pieces
   714 | D:2      | Reached skill level 7 in Ranged Weapons
   747 | D:2      | Reached skill level 3 in Dodging
   800 | D:2      | 800 ||| UPGRADING to +0 scale mail.
   872 | D:2      | 872 ||| DROPPING +0 leather armour.
   888 | D:2      | Reached XP level 4. HP: 22/25 MP: 6/6
  1048 | D:2      | 1048 ||| Stepping ~*~*~tactically~*~*~ (outnumbered).
  1056 | D:2      | 1056 ||| Stepping ~*~*~tactically~*~*~ (outnumbered).
  1228 | D:2      | Reached skill level 8 in Ranged Weapons
  1294 | D:2      | 1294 ||| UPGRADING to +0 ring mail.
  1304 | D:2      | 1304 ||| DROPPING +0 scale mail.
  1434 | D:2      | 1434 ||| UPGRADING to +5 ring of evasion.
  1435 | D:2      | 1435 ||| READING 3 scrolls labelled JUTWEUNWIV.
  1436 | D:2      | 1436 ||| READING 4 scrolls of identify.
  1436 | D:2      | 1436 ||| IDENTIFYING viscous dark potion
  1437 | D:2      | 1437 ||| READING 3 scrolls of identify.
  1437 | D:2      | 1437 ||| IDENTIFYING emerald potion
  1438 | D:2      | 1438 ||| DROPPING potion of lignification.
  1439 | D:2      | 1439 ||| DROPPING 2 scrolls of immolation.
  1470 | D:3      | Reached XP level 5. HP: 29/29 MP: 7/7
  1496 | D:3      | Noticed Robin
  1509 | D:3      | Killed Robin
  1699 | D:3      | Reached skill level 9 in Ranged Weapons
  1764 | D:3      | Identified the amulet "Keofam" {RegenMP Int+3}
  1778 | D:3      | Found an ornate altar of the Wu Jian Council.
  1852 | D:3      | Noticed Terence
  1862 | D:3      | Killed Terence
  1873 | D:3      | 1873 ||| FLEEEEING.
  1874 | D:3      | 1874 ||| FLEEEEING.
  1875 | D:3      | 1875 ||| FLEEEEING.
  1928 | D:3      | Reached XP level 6. HP: 32/35 MP: 8/8
  2294 | D:3      | Found a bloodstained altar of Trog.
  2494 | D:3      | 2494 ||| UPGRADING to +1 helmet.
  2499 | D:3      | 2499 ||| DROPPING amulet "Keofam" {RegenMP Int+3}.
  2500 | D:3      | 2500 ||| READING scroll labelled WEACIC UFFIBBO.
  2501 | D:3      | 2501 ||| READING scroll labelled LUONLU JILU.
  2602 | D:3      | 2602 ||| READING 2 scrolls of identify.
  2602 | D:3      | 2602 ||| IDENTIFYING purple potion
  2603 | D:3      | 2603 ||| DROPPING potion of attraction.
  2874 | D:4      | Found a radiant altar of Vehumet.
  2903 | D:4      | Reached skill level 10 in Ranged Weapons
  2931 | D:4      | 2931 ||| READING scroll of acquirement.
  2931 | D:4      | 2931 ||| ACQUIRING +2 cloak "Leraroac" {rF+ Str+2 Dex+3}
  2931 | D:4      | Acquired the +2 cloak "Leraroac" {rF+ Str+2 Dex+3}
  2933 | D:4      | 2933 ||| UPGRADING to +2 cloak "Leraroac" {rF+ Str+2
                  | Dex+3}.
  2952 | D:4      | 2952 ||| READING scroll labelled LAITOUDAFRO.
  2953 | D:4      | 2953 ||| READING scroll labelled NUNGAEMUJE.
  2954 | D:4      | 2954 ||| DRINKING 2 fuming cyan potions.
  2955 | D:4      | 2955 ||| DRINKING 3 fizzy silvery potions.
  2956 | D:4      | 2956 ||| DROPPING potion of degeneration.
  3009 | D:5      | Entered Level 5 of the Dungeon
  3089 | D:5      | Noticed Sigmund
  3094 | D:5      | HP: 3/35 [orc priest/divine providence (10)]
  3098 | D:5      | Reached skill level 1 in Armour
  3099 | D:5      | Killed from afar by an orc priest

Levels and vault maps discovered:
D:1:      onia_arrival_mini_spirals, layout_basic,
          shapermc_ecumenical_altar_pompeii
D:2:      layout_basic, serial_shops, shop, ebering_dispersal_statue_hall,
          nicolae_concentric_dashed_squares_mild
D:3:      layout_loops_corners, nicolae_wu_jian_wuxing_cycle, trog_book,
          saegor_snake_ambush, uniq_terence, uniq_robin
D:4:      layout_gridville, mainiacjoe_overflow_alcove_2,
          amcnicky_mini_rare_corridor_liquid
D:5:      nicolae_cairo_tiling, layout_loops_ring, led_xom_imps, uniq_sigmund,
          uniq_edmund

Skill      XL: |  1  2  3  4  5  6 |
---------------+-------------------+-----
Ranged Weapons | 6 7 8 9 10 | 10.0
Dodging        | 3 |  3.0
Fighting       | 2 |  2.2
Armour         | 1 |  1.2
Stealth        | |  1.2

Action                     |  1- 3 |  4- 6 || total
---------------------------+-------+-------++-------
   Fire: Shortbow          |    52 |       ||    52
         Orcbow            |    48 |   215 ||   263
    Use: Scroll            |     4 |     9 ||    13
         Potion            |     1 |     2 ||     3
 Armour: Leather armour    |     3 |       ||     3
         Scale mail        |     2 |     7 ||     9
         Ring mail         |       |    10 ||    10
  Dodge: Dodged            |    10 |    34 ||    44
  Block: Other             |       |    21 ||    21
         Reflection        |       |     2 ||     2

Table legend:
 A = Non-vault XP
 B = Vault XP
 C = Vault XP percentage of total XP
 D = Non-vault monster count
 E = Vault monster count
 F = Vault count percentage of total count
                 A         B        C        D         E       F
            +---------+---------+-------+---------+---------+-------
      Total |     646 |      86 |  11.7 |     106 |      13 |  10.9
            +---------+---------+-------+---------+---------+-------
        D:1 |      54 |       0 |   0.0 |      18 |       0 |   0.0
        D:2 |     130 |       0 |   0.0 |      32 |       0 |   0.0
        D:3 |     150 |      86 |  36.4 |      32 |      13 |  28.9
        D:4 |     201 |       0 |   0.0 |      19 |       0 |   0.0
        D:5 |     111 |       0 |   0.0 |       5 |       0 |   0.0
            +---------+---------+-------+---------+---------+-------
